Knights vs Atomiques
Created - 24 janvier 2015 at 19:04
Goals
|
| Knights |
2 |
1 |
1 |
1 |
5 |
| Atomiques |
0 |
4 |
0 |
0 |
4 |
|
Shots
|
| Knights |
13 |
18 |
3 |
1 |
35 |
| Atomiques |
15 |
8 |
7 |
4 |
34 |
|
1st period
1. Knights , Zack Hamill 30 (Garnet Exelby, Eric Gelinas) at 12:36 (PP)
2. Knights , James Wright 23 (Joe Colborne, Tomas Kundratek) at 18:33
Penalties :
Mitch Callahan (STB) for Hooking (Minor) at 12:20
2nd period
3. Atomiques , Kyle Wharton 2 (Brett Sutter, Kenndal McArdle) at 6:27
4. Knights , Michael Raffl 14 (James Wright, Kyle Greentree) at 7:56
5. Atomiques , Logan Couture 31 (Kyle Wharton) at 12:17
6. Atomiques , Alexandre Daigle 33 (Brad Winchester, Logan Couture) at 13:55
7. Atomiques , Alexandre Daigle 34 (Brad Winchester, Nick Johnson) at 17:22
Penalties :
Casey Borer (STB) for Boarding (Minor) at 9:32
3rd period
8. Knights , Danny Irmen 7 (Marco Scandella) at 13:30
Penalties :
Marc-André Cliche (STB) for Roughing (Double Minor) at 0:55, Casey Borer (STB) for Hooking (Minor) at 15:26
Overtime #1
9. Knights , Zack Hamill 31 (Alex Chiasson) at 4:44
Penalties :
Tomas Kundratek (Lon) for Hooking (Minor) at 3:21, Andrew Kozek (STB) for Roughing (Minor) at 4:32
Goalie Stats
Dany Sabourin (Lon), 30 saves from 34 shots - (0,882), W, 16-8-1, 64:44 minutes
Alex Auld (STB), 30 saves from 35 shots - (0,857), OTL, 20-10-1, 64:44 minutes
Players Stats for Knights
Player Name G A P +/- PIM S H SB GA TA FO MP PP MP PK MP
------------------------------------------------------------------------------------
A.J. Jenks 0 0 0 -2 0 3 2 0 1 0 0/0 12:43 0:15 0:00
Aaron Palushaj 0 0 0 2 0 0 2 0 0 0 0/1 11:52 1:37 0:00
Alex Chiasson 0 1 1 0 0 2 4 0 0 0 3/5 23:24 2:59 0:00
Carter Ashton 0 0 0 -2 0 2 1 0 0 0 0/0 16:57 3:01 0:00
Colton Gillies 0 0 0 1 0 0 3 1 0 0 0/0 11:36 1:42 0:00
Danny Irmen 1 0 1 1 0 2 1 0 1 0 0/1 13:03 1:54 0:00
Eric Gelinas 0 1 1 1 0 2 1 2 0 1 0/0 22:28 4:16 0:03
Garnet Exelby 0 1 1 2 0 3 1 1 0 2 0/0 29:06 3:33 1:08
James Wright 1 1 2 1 0 3 1 1 0 0 5/14 19:13 3:29 0:47
Jimmy Hayes 0 0 0 0 0 0 0 0 0 0 0/0 3:54 0:00 0:00
Joe Colborne 0 1 1 -2 0 4 1 0 0 1 2/5 14:09 0:42 0:21
Kyle Greentree 0 1 1 -1 0 2 0 1 0 0 2/2 22:46 2:47 0:00
Marco Scandella 0 1 1 1 0 1 3 2 1 0 0/0 29:21 3:15 1:08
Michael Raffl 1 0 1 1 0 4 2 0 1 0 0/2 18:22 3:29 0:00
Michael Stone 0 0 0 -2 0 0 0 1 0 0 0/0 13:14 0:45 0:00
Nikita Nikitin 0 0 0 0 0 0 2 1 0 0 0/0 20:57 4:17 0:03
Tomas Kundratek 0 1 1 -2 2 2 3 1 0 0 0/0 14:15 0:23 0:00
Zack Hamill 2 0 2 0 0 5 0 0 1 1 13/26 20:24 2:41 0:03
Players Stats for Atomiques
Player Name G A P +/- PIM S H SB GA TA FO MP PP MP PK MP
------------------------------------------------------------------------------------
Alexander Sulzer 0 0 0 0 0 2 3 4 0 2 0/0 28:51 0:00 4:38
Alexandre Daigle 2 0 2 2 0 4 2 0 0 0 1/1 19:49 0:00 2:06
Andrew Kozek 0 0 0 0 2 1 2 1 0 0 0/0 16:01 0:00 1:54
Anthony Nigro 0 0 0 0 0 0 0 0 0 0 0/0 0:00 0:00 0:00
Brad Winchester 0 2 2 1 0 5 3 0 1 0 6/11 22:59 0:00 3:46
Brett Sutter 0 1 1 0 0 1 0 0 0 0 1/4 8:36 0:00 0:30
Casey Borer 0 0 0 0 4 0 2 0 0 0 0/0 19:53 0:00 1:33
Clayton Stoner 0 0 0 -2 0 4 1 0 0 0 0/0 25:02 0:00 4:38
Drew Larman 0 0 0 0 0 0 0 0 0 0 0/0 0:00 0:00 0:00
John McCarthy 0 0 0 0 0 0 0 0 0 0 0/0 0:00 0:00 0:00
Kenndal McArdle 0 1 1 0 0 3 3 0 1 0 0/0 10:41 0:00 1:58
Kyle Wharton 1 1 2 0 0 1 1 0 0 0 0/0 20:42 0:00 3:02
Linus Omark 0 0 0 -2 0 4 1 1 0 0 1/2 19:55 0:00 3:46
Logan Couture 1 1 2 2 0 5 2 0 0 1 17/27 19:49 0:00 2:06
Mac Bennett 0 0 0 2 0 0 0 0 0 0 0/0 6:08 0:00 0:40
Marc-André Cliche 0 0 0 0 4 1 2 0 1 2 0/1 12:38 0:00 0:00
Mike Halmo 0 0 0 0 0 0 0 0 0 0 0/0 0:32 0:00 0:20
Mitch Callahan 0 0 0 0 2 0 1 0 0 0 0/0 8:16 0:00 0:00
Nick Johnson 0 1 1 0 0 1 0 0 2 0 1/1 14:05 0:00 0:00
Roman Polak 0 0 0 0 0 0 2 0 0 0 0/0 14:57 0:00 1:55
Ryan Shannon 0 0 0 -1 0 2 2 0 0 0 0/0 13:55 0:00 0:00
Scott Jackson 0 0 0 0 0 0 0 1 0 0 0/0 13:54 0:00 0:00
Tyler Brenner 0 0 0 -1 0 0 0 1 0 0 4/9 13:55 0:00 0:00
3 Stars
1 - Alexandre Daigle (STB)
2 - Logan Couture (STB)
3 - Zack Hamill (Lon)
Power Play
Knights - 1 on 6 Attempt(s) - 16,67%
Atomiques - 0 on 1 Attempt(s) - 0,00%
Penalty Kill
Knights - 1 on 1 Attempt(s) - 100,00%
- Score 0 goal in Penalty Kill
Atomiques - 5 on 6 Attempt(s) - 83,33%
- Score 0 goal in Penalty Kill
Team Stat
Knights - Hits : 27 - Faceoff Wins : 25 - Blocked Shots : 11 - Penalty Minutes : 2
Atomiques - Hits : 27 - Faceoff Wins : 31 - Blocked Shots : 8 - Penalty Minutes : 12
Official
Referees : Walsh Ian and Leggo Mike
Linesman : Dan Schachte and David Brisebois
Game Notes
Jimmy Hayes is injured at 13:03 of 1st period (Torn Right Knee Ligaments)
9:31 of 3rd period - Atomiques goal is going for a video replay. After video review, No Goal. The net was displaced accidentally.
Finance
Level 1 -- Attendance: 1567 (78,35%) -- Ticket Income 54 845 $
Level 2 -- Attendance: 794 (79,40%) -- Ticket Income 11 910 $
Total Attendance: 2361 (78,70%)
Total Ticket Income: 66 755 $
Other Income: 3 338 $
Total Income: 70 093 $
Knights
5 vs 5 Forward
Center Left Wing Right Wing Time % Phy DF OF
1 Zack Hamill Kyle Greentree Alex Chiasson 37 1 2 2
2 James Wright Michael Raffl Jimmy Hayes 33 1 2 2
3 Joe Colborne A.J. Jenks Carter Ashton 20 1 1 3
4 Danny Irmen Colton Gillies Aaron Palushaj 10 1 2 2
5 vs 5 Defense
Defense Defense Time % Phy DF OF
1 Garnet Exelby Marco Scandella 40 1 2 2
2 Nikita Nikitin Eric Gelinas 30 1 2 2
3 Michael Stone Tomas Kundratek 20 1 2 2
4 Marco Scandella Garnet Exelby 10 1 2 2
PowerPlay Forward
Center Left Wing Right Wing Time % Phy DF OF
1 Zack Hamill Kyle Greentree Alex Chiasson 60 1 1 3
2 James Wright Michael Raffl Jimmy Hayes 40 1 1 3
PowerPlay Defense
Defense Defense Time % Phy DF OF
1 Garnet Exelby Eric Gelinas 60 1 1 3
2 Marco Scandella Nikita Nikitin 40 1 1 3
Penalty Kill 4 Players Forward
Center Wing Time % Phy DF OF
1 James Wright Kyle Greentree 60 1 3 1
2 Joe Colborne Colton Gillies 40 1 3 1
Penalty Kill 4 Players Defense
Defense Defense Time % Phy DF OF
1 Marco Scandella Eric Gelinas 60 1 2 2
2 Garnet Exelby Tomas Kundratek 40 1 3 1
Penalty Kill - 3 Players Forward
Forward Time % Phy DF OF
1 James Wright 60 0 4 1
2 Joe Colborne 40 0 4 1
Penalty Kill - 3 Players Defense
Defense Defense Time % Phy DF OF
1 Marco Scandella Tomas Kundratek 60 1 4 0
2 Eric Gelinas Garnet Exelby 40 1 4 0
4 vs 4 Forward
Center Wing Time % Phy DF OF
1 Zack Hamill Alex Chiasson 60 1 2 2
2 Jimmy Hayes James Wright 40 1 2 2
4 vs 4 Defense
Defense Defense Time % Phy DF OF
1 Marco Scandella Eric Gelinas 60 1 2 2
2 Tomas Kundratek Garnet Exelby 40 1 2 2
Last Minutes Offensive
Center Left Wing Right Wing Defense Defense
Zack Hamill Kyle Greentree Danny Irmen Garnet Exelby Eric Gelinas
Last Minutes Defensive
Center Left Wing Right Wing Defense Defense
James Wright Kyle Greentree Zack Hamill Garnet Exelby Marco Scandella
Goaltenders
Starting : Dany Sabourin
Backup : Peter Delmas
Extra Forwards
Normal : Kyle Greentree, Zack Hamill, James Wright - PP : James Wright, Zack Hamill - PK : Zack Hamill
Extra Defensemen
Normal : Garnet Exelby, Eric Gelinas, Tomas Kundratek - PP : Garnet Exelby - PK : Garnet Exelby, Tomas Kundratek
Penalty Shots
Jimmy Hayes, Alex Chiasson, Zack Hamill, James Wright, Kyle Greentree
Atomiques
5 vs 5 Forward
Center Left Wing Right Wing Time % Phy DF OF
1 Logan Couture Brad Winchester Alexandre Daigle 40 1 2 2
2 Tyler Brenner Linus Omark Ryan Shannon 30 1 2 2
3 Marc-André Cliche Andrew Kozek Nick Johnson 20 1 2 2
4 Brett Sutter Kenndal McArdle Mitch Callahan 10 1 2 2
5 vs 5 Defense
Defense Defense Time % Phy DF OF
1 Alexander Sulzer Clayton Stoner 40 1 2 2
2 Kyle Wharton Casey Borer 30 1 2 2
3 Scott Jackson Roman Polak 20 1 2 2
4 Mac Bennett Alexander Sulzer 10 1 2 2
PowerPlay Forward
Center Left Wing Right Wing Time % Phy DF OF
1 Logan Couture Brad Winchester Alexandre Daigle 60 1 2 2
2 Tyler Brenner Linus Omark Ryan Shannon 40 1 2 2
PowerPlay Defense
Defense Defense Time % Phy DF OF
1 Alexander Sulzer Clayton Stoner 60 1 2 2
2 Kyle Wharton Casey Borer 40 1 2 2
Penalty Kill 4 Players Forward
Center Wing Time % Phy DF OF
1 Brad Winchester Linus Omark 60 1 2 2
2 Alexandre Daigle Logan Couture 40 1 2 2
Penalty Kill 4 Players Defense
Defense Defense Time % Phy DF OF
1 Alexander Sulzer Clayton Stoner 60 1 2 2
2 Kyle Wharton Casey Borer 40 1 2 2
Penalty Kill - 3 Players Forward
Forward Time % Phy DF OF
1 Brad Winchester 60 1 2 2
2 Linus Omark 40 1 2 2
Penalty Kill - 3 Players Defense
Defense Defense Time % Phy DF OF
1 Alexander Sulzer Clayton Stoner 60 1 2 2
2 Kyle Wharton Casey Borer 40 1 2 2
4 vs 4 Forward
Center Wing Time % Phy DF OF
1 Brad Winchester Linus Omark 60 1 2 2
2 Alexandre Daigle Logan Couture 40 1 2 2
4 vs 4 Defense
Defense Defense Time % Phy DF OF
1 Alexander Sulzer Clayton Stoner 60 1 2 2
2 Kyle Wharton Casey Borer 40 1 2 2
Last Minutes Offensive
Center Left Wing Right Wing Defense Defense
Logan Couture Brad Winchester Alexandre Daigle Alexander Sulzer Clayton Stoner
Last Minutes Defensive
Center Left Wing Right Wing Defense Defense
Logan Couture Brad Winchester Alexandre Daigle Alexander Sulzer Clayton Stoner
Goaltenders
Starting : Alex Auld
Backup : Curtis McElhinney
Extra Forwards
Normal : Nick Johnson, Andrew Kozek, Kenndal McArdle - PP : Nick Johnson, Andrew Kozek - PK : Kenndal McArdle
Extra Defensemen
Normal : Scott Jackson, Roman Polak, Mac Bennett - PP : Scott Jackson - PK : Roman Polak, Mac Bennett
Penalty Shots
Brad Winchester, Linus Omark, Alexandre Daigle, Logan Couture, Ryan Shannon
% Time on Ice - Knights
Lines # - Real PCT - Wanted PCT - Time Play
Normal Forward
1 - 29% - 37% - 14:48
2 - 31% - 33% - 16:09
3 - 24% - 20% - 12:17
4 - 17% - 10% - 8:33
Normal Defense
1 - 38% - 40% - 19:48
2 - 32% - 30% - 16:49
3 - 24% - 20% - 12:26
4 - 5% - 10% - 2:44
PP Forward
1 - 31% - 60% - 2:35
2 - 69% - 40% - 5:38
PP Defense
1 - 61% - 60% - 5:01
2 - 39% - 40% - 3:12
PK Forward
1 - 0% - 60%
2 - 0% - 40%
PK Defense
1 - 0% - 60%
2 - 0% - 40%
PK3 Forward
1 - 70% - 60% - 0:50
2 - 30% - 40% - 0:21
PK3 Defense
1 - 100% - 60% - 1:11
2 - 0% - 40% - 0:00
44 Forward
1 - 85% - 60% - 3:01
2 - 15% - 40% - 0:32
44 Defense
1 - 69% - 60% - 2:26
2 - 31% - 40% - 1:07
Last Minute Offensive - 0:00
Last Minute Defensive - 0:00
Total
Forward - 64:44
Defense - 64:44
|
% Time on Ice - Atomiques
Lines # - Real PCT - Wanted PCT - Time Play
Normal Forward
1 - 34% - 40% - 17:30
2 - 27% - 30% - 13:56
3 - 24% - 20% - 12:27
4 - 15% - 10% - 7:54
Normal Defense
1 - 35% - 40% - 17:54
2 - 31% - 30% - 16:15
3 - 25% - 20% - 13:06
4 - 9% - 10% - 4:32
PP Forward
1 - 0% - 60%
2 - 0% - 40%
PP Defense
1 - 0% - 60%
2 - 0% - 40%
PK Forward
1 - 74% - 60% - 6:07
2 - 26% - 40% - 2:06
PK Defense
1 - 62% - 60% - 5:08
2 - 38% - 40% - 3:05
PK3 Forward
1 - 0% - 60%
2 - 0% - 40%
PK3 Defense
1 - 0% - 60%
2 - 0% - 40%
44 Forward
1 - 80% - 60% - 3:46
2 - 20% - 40% - 0:58
44 Defense
1 - 57% - 60% - 2:41
2 - 43% - 40% - 2:03
Last Minute Offensive - 0:00
Last Minute Defensive - 0:00
Total
Forward - 64:44
Defense - 64:44
|
Play by Play
1st period
0:01 of 1st period - Alex Chiasson wins face-off versus Logan Couture in neutral zone.
0:17 of 1st period - Off-side.
0:18 of 1st period - James Wright wins face-off versus Tyler Brenner in neutral zone.
0:21 of 1st period - Wrist shot by Michael Raffl.
0:21 of 1st period - Shot Misses the Net.
0:25 of 1st period - Snap shot by Michael Raffl.
0:25 of 1st period - Shot Misses the Net.
0:27 of 1st period - Snap shot by Michael Raffl.
0:27 of 1st period - Shot Misses the Net.
0:29 of 1st period - Wrist shot by Michael Raffl.
0:29 of 1st period - Shot Misses the Net.
1:56 of 1st period - Snap shot by Michael Raffl.
1:56 of 1st period - Shot Misses the Net.
1:59 of 1st period - Icing by Alexander Sulzer.
2:00 of 1st period - Zack Hamill wins face-off versus Marc-André Cliche in Atomiques zone.
2:07 of 1st period - Slapshot by Zack Hamill.
2:07 of 1st period - Stopped by Alex Auld with a rebound.
2:15 of 1st period - Wrist shot by Zack Hamill.
2:15 of 1st period - Deflect By Alexander Sulzer.
2:15 of 1st period - Stopped by Alex Auld with a rebound.
2:25 of 1st period - Snap shot by Alexandre Daigle.
2:25 of 1st period - Stopped by Dany Sabourin with a rebound.
2:27 of 1st period - Wrist shot by Brad Winchester.
2:27 of 1st period - Shot Misses the Net.
2:29 of 1st period - Slapshot by Logan Couture.
2:29 of 1st period - Shot Blocked by Garnet Exelby.
2:31 of 1st period - Slapshot by Alexander Sulzer.
2:31 of 1st period - Deflect By James Wright.
2:31 of 1st period - Stopped by Dany Sabourin with a rebound.
2:46 of 1st period - Off-side.
2:47 of 1st period - Tyler Brenner wins face-off versus Joe Colborne in neutral zone.
2:50 of 1st period - Wrist shot by Linus Omark.
2:50 of 1st period - Shot Misses the Net.
2:52 of 1st period - Backhand shot by Kyle Wharton.
2:52 of 1st period - Deflect By Linus Omark.
2:52 of 1st period - Shot Blocked by Michael Stone.
2:52 of 1st period - Puck is out of play.
2:53 of 1st period - Zack Hamill wins face-off versus Logan Couture in Knights zone.
3:28 of 1st period - Snap shot by Linus Omark.
3:28 of 1st period - Shot Misses the Net.
3:40 of 1st period - Wrist shot by A.J. Jenks.
3:40 of 1st period - Shot Misses the Net.
3:58 of 1st period - Tomas Kundratek is hit by Alexandre Daigle and loses puck.
4:07 of 1st period - Snap shot by Logan Couture.
4:07 of 1st period - Stopped by Dany Sabourin with a rebound.
4:46 of 1st period - Slapshot by Garnet Exelby.
4:46 of 1st period - Deflect By Tyler Brenner.
4:46 of 1st period - Stopped by Alex Auld with a rebound.
5:05 of 1st period - Kenndal McArdle is hit by Joe Colborne and loses puck.
5:22 of 1st period - Wrist shot by Zack Hamill.
5:22 of 1st period - Deflect By Alex Chiasson.
5:22 of 1st period - Stopped by Alex Auld without a rebound.
5:23 of 1st period - Zack Hamill wins face-off versus Logan Couture in Atomiques zone.
6:59 of 1st period - Wrist shot by Brad Winchester.
6:59 of 1st period - Stopped by Dany Sabourin without a rebound.
7:00 of 1st period - Tyler Brenner wins face-off versus James Wright in Knights zone.
7:01 of 1st period - Wrist shot by Linus Omark.
7:01 of 1st period - Stopped by Dany Sabourin with a rebound.
7:10 of 1st period - Off-side.
7:11 of 1st period - Zack Hamill wins face-off versus Logan Couture in neutral zone.
7:16 of 1st period - Snap shot by Kyle Greentree.
7:16 of 1st period - Stopped by Alex Auld with a rebound.
7:55 of 1st period - Marc-André Cliche is hit by Eric Gelinas and loses puck.
8:14 of 1st period - Snap shot by Nick Johnson.
8:14 of 1st period - Shot Blocked by Eric Gelinas.
8:20 of 1st period - Snap shot by Kenndal McArdle.
8:20 of 1st period - Stopped by Dany Sabourin with a rebound.
8:42 of 1st period - Snap shot by Alexandre Daigle.
8:42 of 1st period - Stopped by Dany Sabourin without a rebound.
8:43 of 1st period - Logan Couture wins face-off versus Zack Hamill in Knights zone.
9:10 of 1st period - Wrist shot by Brad Winchester.
9:10 of 1st period - Stopped by Dany Sabourin with a rebound.
9:12 of 1st period - Wrist shot by Brad Winchester.
9:12 of 1st period - Shot Misses the Net.
9:14 of 1st period - Wrist shot by Brad Winchester.
9:14 of 1st period - Stopped by Dany Sabourin without a rebound.
9:15 of 1st period - Linus Omark wins face-off versus James Wright in Knights zone.
9:24 of 1st period - Slapshot by Linus Omark.
9:24 of 1st period - Stopped by Dany Sabourin with a rebound.
9:26 of 1st period - Slapshot by Clayton Stoner.
9:26 of 1st period - Shot Blocked by Tomas Kundratek.
10:01 of 1st period - Snap shot by Alexandre Daigle.
10:01 of 1st period - Shot Misses the Net.
10:07 of 1st period - Snap shot by Logan Couture.
10:07 of 1st period - Deflect By Garnet Exelby.
10:07 of 1st period - Shot Misses the Net.
10:07 of 1st period - Puck is out of play.
10:08 of 1st period - Alex Chiasson wins face-off versus Tyler Brenner in Knights zone.
10:33 of 1st period - Brad Winchester is hit by Nikita Nikitin and loses puck.
10:44 of 1st period - Snap shot by Michael Raffl.
10:44 of 1st period - Stopped by Alex Auld without a rebound.
10:45 of 1st period - Joe Colborne wins face-off versus Tyler Brenner in Atomiques zone.
10:46 of 1st period - Slapshot by Garnet Exelby.
10:46 of 1st period - Deflect By A.J. Jenks.
10:46 of 1st period - Stopped by Alex Auld without a rebound.
10:47 of 1st period - Joe Colborne wins face-off versus Tyler Brenner in Atomiques zone.
10:50 of 1st period - Snap shot by Joe Colborne.
10:50 of 1st period - Stopped by Alex Auld with a rebound.
11:58 of 1st period - Off-side.
11:59 of 1st period - Brett Sutter wins face-off versus James Wright in neutral zone.
12:20 of 1st period - Minor Penalty to Mitch Callahan for Hooking.
12:21 of 1st period - Zack Hamill wins face-off versus Brad Winchester in Atomiques zone.
12:22 of 1st period - Slapshot by Alex Chiasson.
12:22 of 1st period - Stopped by Alex Auld without a rebound.
12:23 of 1st period - Zack Hamill wins face-off versus Brad Winchester in Atomiques zone.
12:26 of 1st period - Snap shot by Kyle Greentree.
12:26 of 1st period - Stopped by Alex Auld with a rebound.
12:28 of 1st period - Slapshot by Eric Gelinas.
12:28 of 1st period - Stopped by Alex Auld with a rebound.
12:30 of 1st period - Slapshot by Eric Gelinas.
12:30 of 1st period - Shot Blocked by Alexander Sulzer.
12:32 of 1st period - Snap shot by Zack Hamill.
12:32 of 1st period - Shot Blocked by Linus Omark.
12:34 of 1st period - Slapshot by Garnet Exelby.
12:34 of 1st period - Shot Blocked by Alexander Sulzer.
12:36 of 1st period - Snap shot by Zack Hamill.
12:36 of 1st period - Goal by Zack Hamill - Knights : 1 - Atomiques : 0.
12:37 of 1st period - Logan Couture wins face-off versus Zack Hamill in neutral zone.
13:02 of 1st period - Jimmy Hayes is hit by Alexander Sulzer and loses puck.
13:03 of 1st period - Jimmy Hayes from Knights is injured at 13:03 of 1st period (Torn Right Knee Ligaments).
13:04 of 1st period - Logan Couture wins face-off versus Alex Chiasson in Knights zone.
13:29 of 1st period - Marco Scandella is hit by Alexander Sulzer and loses puck.
13:46 of 1st period - Snap shot by Nick Johnson.
13:46 of 1st period - Shot Misses the Net.
13:48 of 1st period - Wrist shot by Nick Johnson.
13:48 of 1st period - Stopped by Dany Sabourin with a rebound.
13:50 of 1st period - Wrist shot by Andrew Kozek.
13:50 of 1st period - Stopped by Dany Sabourin without a rebound.
13:51 of 1st period - Logan Couture wins face-off versus James Wright in Knights zone.
13:56 of 1st period - Wrist shot by Brad Winchester.
13:56 of 1st period - Shot Misses the Net.
13:58 of 1st period - Slapshot by Clayton Stoner.
13:58 of 1st period - Stopped by Dany Sabourin with a rebound.
14:16 of 1st period - Eric Gelinas is hit by Linus Omark and loses puck.
14:27 of 1st period - Wrist shot by Ryan Shannon.
14:27 of 1st period - Stopped by Dany Sabourin with a rebound.
15:21 of 1st period - Wrist shot by Brad Winchester.
15:21 of 1st period - Stopped by Dany Sabourin without a rebound.
15:22 of 1st period - James Wright wins face-off versus Logan Couture in Knights zone.
15:22 of 1st period - James Wright is hit by Brad Winchester.
15:51 of 1st period - Clayton Stoner is hit by Tomas Kundratek and loses puck.
16:10 of 1st period - Alexander Sulzer is hit by Colton Gillies and loses puck.
17:52 of 1st period - Tomas Kundratek is hit by Kyle Wharton.
18:20 of 1st period - Tomas Kundratek is hit by Alexander Sulzer and loses puck.
18:31 of 1st period - Snap shot by James Wright.
18:31 of 1st period - Shot Misses the Net.
18:33 of 1st period - Wrist shot by James Wright.
18:33 of 1st period - Goal by James Wright - Knights : 2 - Atomiques : 0.
18:34 of 1st period - Logan Couture wins face-off versus James Wright in neutral zone.
19:41 of 1st period - Danny Irmen is hit by Kenndal McArdle.
Goals for this period are 2 for Knights vs 0 for Atomiques.
Shots for this period are 13 for Knights vs 15 for Atomiques.
2nd period
0:01 of 2nd period - Kyle Greentree wins face-off versus Logan Couture in neutral zone.
0:13 of 2nd period - Snap shot by Logan Couture.
0:13 of 2nd period - Stopped by Dany Sabourin without a rebound.
0:14 of 2nd period - Logan Couture wins face-off versus Michael Raffl in Knights zone.
0:23 of 2nd period - Slapshot by Garnet Exelby.
0:23 of 2nd period - Deflect By Alexander Sulzer.
0:23 of 2nd period - Stopped by Alex Auld with a rebound.
0:25 of 2nd period - Slapshot by Garnet Exelby.
0:25 of 2nd period - Shot Misses the Net.
0:27 of 2nd period - Snap shot by James Wright.
0:27 of 2nd period - Stopped by Alex Auld with a rebound.
0:29 of 2nd period - Wrist shot by Michael Raffl.
0:29 of 2nd period - Stopped by Alex Auld with a rebound.
0:39 of 2nd period - Joe Colborne is hit by Clayton Stoner and loses puck.
0:48 of 2nd period - Snap shot by A.J. Jenks.
0:48 of 2nd period - Stopped by Alex Auld without a rebound.
0:49 of 2nd period - Kyle Greentree wins face-off versus Tyler Brenner in Atomiques zone.
1:50 of 2nd period - Kenndal McArdle is hit by Colton Gillies and loses puck.
2:06 of 2nd period - Icing by Scott Jackson.
2:07 of 2nd period - James Wright wins face-off versus Brett Sutter in Atomiques zone.
2:10 of 2nd period - Wrist shot by Kyle Greentree.
2:10 of 2nd period - Deflect By Michael Raffl.
2:10 of 2nd period - Stopped by Alex Auld without a rebound.
2:11 of 2nd period - Logan Couture wins face-off versus James Wright in Atomiques zone.
2:18 of 2nd period - Backhand shot by Logan Couture.
2:18 of 2nd period - Shot Blocked by James Wright.
2:43 of 2nd period - Snap shot by Joe Colborne.
2:43 of 2nd period - Shot Blocked by Alexander Sulzer.
3:02 of 2nd period - Alexander Sulzer is hit by Marco Scandella.
4:42 of 2nd period - Colton Gillies is hit by Alexandre Daigle and loses puck.
5:03 of 2nd period - Michael Stone is hit by Mitch Callahan and loses puck.
5:12 of 2nd period - Slapshot by Brett Sutter.
5:12 of 2nd period - Shot Misses the Net.
5:24 of 2nd period - Snap shot by Zack Hamill.
5:24 of 2nd period - Shot Misses the Net.
5:46 of 2nd period - Marc-André Cliche is hit by Alex Chiasson.
6:01 of 2nd period - Scott Jackson is hit by Nikita Nikitin and loses puck.
6:20 of 2nd period - Marco Scandella is hit by Roman Polak and loses puck.
6:25 of 2nd period - Slapshot by Brett Sutter.
6:25 of 2nd period - Shot Misses the Net.
6:27 of 2nd period - Slapshot by Kyle Wharton.
6:27 of 2nd period - Deflect By James Wright.
6:27 of 2nd period - Goal by Kyle Wharton - Knights : 2 - Atomiques : 1.
6:28 of 2nd period - Logan Couture wins face-off versus Alex Chiasson in neutral zone.
6:47 of 2nd period - Brad Winchester is hit by Alex Chiasson and loses puck.
7:02 of 2nd period - Snap shot by Linus Omark.
7:02 of 2nd period - Stopped by Dany Sabourin with a rebound.
7:22 of 2nd period - Snap shot by Joe Colborne.
7:22 of 2nd period - Shot Misses the Net.
7:24 of 2nd period - Snap shot by Carter Ashton.
7:24 of 2nd period - Stopped by Alex Auld without a rebound.
7:25 of 2nd period - Logan Couture wins face-off versus Joe Colborne in Atomiques zone.
7:41 of 2nd period - Slapshot by Marco Scandella.
7:41 of 2nd period - Stopped by Alex Auld without a rebound.
7:42 of 2nd period - Tyler Brenner wins face-off versus James Wright in Atomiques zone.
7:42 of 2nd period - Tyler Brenner is hit by James Wright.
7:54 of 2nd period - Snap shot by James Wright.
7:54 of 2nd period - Stopped by Alex Auld with a rebound.
7:56 of 2nd period - Snap shot by Michael Raffl.
7:56 of 2nd period - Goal by Michael Raffl - Knights : 3 - Atomiques : 1.
7:57 of 2nd period - Logan Couture wins face-off versus Zack Hamill in neutral zone.
8:05 of 2nd period - Slapshot by Garnet Exelby.
8:05 of 2nd period - Shot Blocked by Alexander Sulzer.
8:35 of 2nd period - Casey Borer is hit by Alex Chiasson and loses puck.
8:52 of 2nd period - Snap shot by Kyle Greentree.
8:52 of 2nd period - Shot Misses the Net.
9:00 of 2nd period - Garnet Exelby is hit by Casey Borer and loses puck.
9:32 of 2nd period - Minor Penalty to Casey Borer for Boarding.
9:33 of 2nd period - Brad Winchester wins face-off versus James Wright in Atomiques zone.
10:18 of 2nd period - James Wright is hit by Roman Polak and loses puck.
11:32 of 2nd period - Penalty to Casey Borer is over, Casey Borer is back on ice.
11:39 of 2nd period - Wrist shot by Kenndal McArdle.
11:39 of 2nd period - Stopped by Dany Sabourin with a rebound.
12:02 of 2nd period - Andrew Kozek is hit by Tomas Kundratek and loses puck.
12:17 of 2nd period - Wrist shot by Logan Couture.
12:17 of 2nd period - Goal by Logan Couture - Knights : 3 - Atomiques : 2.
12:18 of 2nd period - Tyler Brenner wins face-off versus Zack Hamill in neutral zone.
12:44 of 2nd period - Eric Gelinas is hit by Brad Winchester and loses puck.
13:20 of 2nd period - Icing by Kyle Wharton.
13:21 of 2nd period - Nick Johnson wins face-off versus Aaron Palushaj in Atomiques zone.
13:21 of 2nd period - Nick Johnson is hit by Aaron Palushaj.
13:45 of 2nd period - Wrist shot by Andrew Kozek.
13:45 of 2nd period - Deflect By Nick Johnson.
13:45 of 2nd period - Shot Misses the Net.
13:45 of 2nd period - Puck is out of play.
13:46 of 2nd period - Logan Couture wins face-off versus Zack Hamill in Knights zone.
13:55 of 2nd period - Snap shot by Alexandre Daigle.
13:55 of 2nd period - Goal by Alexandre Daigle - Knights : 3 - Atomiques : 3.
13:56 of 2nd period - Brad Winchester wins face-off versus Zack Hamill in neutral zone.
14:03 of 2nd period - Snap shot by Alexandre Daigle.
14:03 of 2nd period - Deflect By Logan Couture.
14:03 of 2nd period - Deflect By Marco Scandella.
14:03 of 2nd period - Stopped by Dany Sabourin without a rebound.
14:04 of 2nd period - Zack Hamill wins face-off versus Logan Couture in Knights zone.
14:11 of 2nd period - Wrist shot by Logan Couture.
14:11 of 2nd period - Shot Misses the Net.
14:14 of 2nd period - Icing by Marco Scandella.
14:15 of 2nd period - Alex Chiasson wins face-off versus Logan Couture in Knights zone.
14:22 of 2nd period - Snap shot by Alexandre Daigle.
14:22 of 2nd period - Shot Misses the Net.
14:24 of 2nd period - Snap shot by Alexandre Daigle.
14:24 of 2nd period - Shot Misses the Net.
14:42 of 2nd period - Garnet Exelby is hit by Ryan Shannon and loses puck.
15:24 of 2nd period - Nikita Nikitin is hit by Logan Couture.
15:28 of 2nd period - Slapshot by Eric Gelinas.
15:28 of 2nd period - Shot Misses the Net.
16:01 of 2nd period - Carter Ashton is hit by Kenndal McArdle and loses puck.
16:18 of 2nd period - Alexander Sulzer is hit by Alex Chiasson and loses puck.
16:37 of 2nd period - Nick Johnson is hit by Michael Raffl and loses puck.
16:48 of 2nd period - Nick Johnson is hit by Aaron Palushaj and loses puck.
17:01 of 2nd period - Michael Raffl is hit by Marc-André Cliche and loses puck.
17:22 of 2nd period - Wrist shot by Brad Winchester.
17:22 of 2nd period - Deflect By Alexandre Daigle.
17:22 of 2nd period - Goal by Alexandre Daigle - Knights : 3 - Atomiques : 4.
17:23 of 2nd period - Logan Couture wins face-off versus Zack Hamill in neutral zone.
17:37 of 2nd period - Slapshot by Zack Hamill.
17:37 of 2nd period - Stopped by Alex Auld with a rebound.
18:19 of 2nd period - Snap shot by Ryan Shannon.
18:19 of 2nd period - Shot Blocked by Colton Gillies.
18:37 of 2nd period - Snap shot by Joe Colborne.
18:37 of 2nd period - Stopped by Alex Auld without a rebound.
18:38 of 2nd period - Logan Couture wins face-off versus Joe Colborne in Atomiques zone.
18:38 of 2nd period - Logan Couture is hit by A.J. Jenks.
19:11 of 2nd period - Snap shot by Joe Colborne.
19:11 of 2nd period - Shot Misses the Net.
19:13 of 2nd period - Slapshot by Tomas Kundratek.
19:13 of 2nd period - Stopped by Alex Auld with a rebound.
19:17 of 2nd period - Wrist shot by Carter Ashton.
19:17 of 2nd period - Stopped by Alex Auld with a rebound.
19:19 of 2nd period - Slapshot by Tomas Kundratek.
19:19 of 2nd period - Deflect By Scott Jackson.
19:19 of 2nd period - Stopped by Alex Auld with a rebound.
19:31 of 2nd period - Snap shot by Joe Colborne.
19:31 of 2nd period - Stopped by Alex Auld with a rebound.
19:33 of 2nd period - Slapshot by A.J. Jenks.
19:33 of 2nd period - Stopped by Alex Auld with a rebound.
19:45 of 2nd period - Snap shot by Joe Colborne.
19:45 of 2nd period - Shot Blocked by Scott Jackson.
19:47 of 2nd period - Slapshot by Eric Gelinas.
19:47 of 2nd period - Shot Blocked by Tyler Brenner.
19:49 of 2nd period - Slapshot by Eric Gelinas.
19:49 of 2nd period - Stopped by Alex Auld with a rebound.
19:53 of 2nd period - Snap shot by Joe Colborne.
19:53 of 2nd period - Stopped by Alex Auld without a rebound.
19:54 of 2nd period - Logan Couture wins face-off versus Zack Hamill in Atomiques zone.
Goals for this period are 1 for Knights vs 4 for Atomiques.
Shots for this period are 18 for Knights vs 8 for Atomiques.
3rd period
0:01 of 3rd period - Logan Couture wins face-off versus Zack Hamill in neutral zone.
0:36 of 3rd period - Snap shot by Tyler Brenner.
0:36 of 3rd period - Shot Misses the Net.
0:38 of 3rd period - Snap shot by Ryan Shannon.
0:38 of 3rd period - Stopped by Dany Sabourin with a rebound.
0:55 of 3rd period - Double Minor Penalty to Marc-André Cliche for Roughing.
0:56 of 3rd period - Zack Hamill wins face-off versus Brad Winchester in Atomiques zone.
1:04 of 3rd period - Snap shot by Kyle Greentree.
1:04 of 3rd period - Shot Misses the Net.
1:33 of 3rd period - Kyle Wharton is hit by Michael Raffl and loses puck.
2:50 of 3rd period - Casey Borer is hit by Danny Irmen and loses puck.
4:19 of 3rd period - Alexander Sulzer is hit by Marco Scandella and loses puck.
4:30 of 3rd period - Kyle Greentree is hit by Logan Couture and loses puck.
4:55 of 3rd period - Penalty to Marc-André Cliche is over, Marc-André Cliche is back on ice.
5:01 of 3rd period - Kyle Wharton is hit by A.J. Jenks and loses puck.
5:57 of 3rd period - Carter Ashton is hit by Kenndal McArdle and loses puck.
6:34 of 3rd period - Marco Scandella is hit by Marc-André Cliche and loses puck.
8:05 of 3rd period - Wrist shot by Kenndal McArdle.
8:05 of 3rd period - Stopped by Dany Sabourin without a rebound.
8:06 of 3rd period - Zack Hamill wins face-off versus Brett Sutter in Knights zone.
8:19 of 3rd period - Eric Gelinas is hit by Brad Winchester and loses puck.
8:48 of 3rd period - Wrist shot by Linus Omark.
8:48 of 3rd period - Shot Misses the Net.
8:50 of 3rd period - Backhand shot by Linus Omark.
8:50 of 3rd period - Stopped by Dany Sabourin with a rebound.
9:22 of 3rd period - Marco Scandella is hit by Andrew Kozek and loses puck.
9:29 of 3rd period - Snap shot by Marc-André Cliche.
9:29 of 3rd period - Shot Blocked by Kyle Greentree.
9:31 of 3rd period - Wrist shot by Marc-André Cliche.
9:31 of 3rd period - Atomiques goal is going for a video replay.
9:31 of 3rd period - The goal is refused. The net was displaced accidentally..
9:32 of 3rd period - James Wright wins face-off versus Logan Couture in Knights zone.
9:58 of 3rd period - Tyler Brenner is hit by Colton Gillies and loses puck.
11:11 of 3rd period - Slapshot by Brad Winchester.
11:11 of 3rd period - Shot Misses the Net.
12:07 of 3rd period - Slapshot by Brett Sutter.
12:07 of 3rd period - Stopped by Dany Sabourin without a rebound.
12:08 of 3rd period - Zack Hamill wins face-off versus Brett Sutter in Knights zone.
12:16 of 3rd period - Off-side.
12:17 of 3rd period - Logan Couture wins face-off versus Zack Hamill in neutral zone.
12:20 of 3rd period - Snap shot by Brad Winchester.
12:20 of 3rd period - Shot Misses the Net.
12:22 of 3rd period - Slapshot by Alexander Sulzer.
12:22 of 3rd period - Shot Misses the Net.
12:24 of 3rd period - Wrist shot by Alexandre Daigle.
12:24 of 3rd period - Shot Blocked by Eric Gelinas.
12:26 of 3rd period - Snap shot by Logan Couture.
12:26 of 3rd period - Stopped by Dany Sabourin without a rebound.
12:27 of 3rd period - Logan Couture wins face-off versus Zack Hamill in Knights zone.
13:28 of 3rd period - Snap shot by Danny Irmen.
13:28 of 3rd period - Shot Misses the Net.
13:30 of 3rd period - Slapshot by Marco Scandella.
13:30 of 3rd period - Deflect By Danny Irmen.
13:30 of 3rd period - Goal by Danny Irmen - Knights : 4 - Atomiques : 4.
13:31 of 3rd period - Zack Hamill wins face-off versus Logan Couture in neutral zone.
13:46 of 3rd period - Slapshot by Casey Borer.
13:46 of 3rd period - Shot Blocked by Marco Scandella.
14:03 of 3rd period - Garnet Exelby is hit by Ryan Shannon and loses puck.
14:20 of 3rd period - Snap shot by Joe Colborne.
14:20 of 3rd period - Shot Misses the Net.
14:22 of 3rd period - Slapshot by Garnet Exelby.
14:22 of 3rd period - Shot Blocked by Andrew Kozek.
14:24 of 3rd period - Backhand shot by Garnet Exelby.
14:24 of 3rd period - Stopped by Alex Auld without a rebound.
14:25 of 3rd period - Alexandre Daigle wins face-off versus Michael Raffl in Atomiques zone.
14:30 of 3rd period - Slapshot by Alexander Sulzer.
14:30 of 3rd period - Shot Blocked by Nikita Nikitin.
14:32 of 3rd period - Wrist shot by Clayton Stoner.
14:32 of 3rd period - Stopped by Dany Sabourin with a rebound.
14:38 of 3rd period - Snap shot by Brad Winchester.
14:38 of 3rd period - Shot Misses the Net.
15:20 of 3rd period - Slapshot by Danny Irmen.
15:20 of 3rd period - Stopped by Alex Auld with a rebound.
15:26 of 3rd period - Minor Penalty to Casey Borer for Hooking.
15:27 of 3rd period - Brad Winchester wins face-off versus Zack Hamill in Atomiques zone.
15:38 of 3rd period - Clayton Stoner is hit by Garnet Exelby and loses puck.
16:26 of 3rd period - Alexandre Daigle is hit by Carter Ashton and loses puck.
17:26 of 3rd period - Penalty to Casey Borer is over, Casey Borer is back on ice.
17:59 of 3rd period - Michael Raffl is hit by Casey Borer and loses puck.
18:36 of 3rd period - Brad Winchester is hit by Tomas Kundratek and loses puck.
Goals for this period are 1 for Knights vs 0 for Atomiques.
Shots for this period are 3 for Knights vs 7 for Atomiques.
Overtime #1
0:01 of 1st overtime period - Brad Winchester wins face-off versus Zack Hamill in neutral zone.
0:06 of 1st overtime period - Snap shot by Linus Omark.
0:06 of 1st overtime period - Shot Misses the Net.
0:08 of 1st overtime period - Slapshot by Clayton Stoner.
0:08 of 1st overtime period - Shot Blocked by Marco Scandella.
0:10 of 1st overtime period - Slapshot by Alexander Sulzer.
0:10 of 1st overtime period - Stopped by Dany Sabourin with a rebound.
0:12 of 1st overtime period - Slapshot by Clayton Stoner.
0:12 of 1st overtime period - Stopped by Dany Sabourin with a rebound.
0:14 of 1st overtime period - Slapshot by Clayton Stoner.
0:14 of 1st overtime period - Stopped by Dany Sabourin without a rebound.
0:15 of 1st overtime period - Zack Hamill wins face-off versus Brad Winchester in Knights zone.
1:49 of 1st overtime period - Clayton Stoner is hit by Marco Scandella and loses puck.
2:52 of 1st overtime period - Icing by Michael Raffl.
2:53 of 1st overtime period - Brad Winchester wins face-off versus Danny Irmen in Knights zone.
3:21 of 1st overtime period - Minor Penalty to Tomas Kundratek for Hooking.
3:22 of 1st overtime period - Brad Winchester wins face-off versus James Wright in Knights zone.
3:26 of 1st overtime period - Snap shot by Brad Winchester.
3:26 of 1st overtime period - Stopped by Dany Sabourin without a rebound.
3:27 of 1st overtime period - James Wright wins face-off versus Linus Omark in Knights zone.
4:21 of 1st overtime period - Marco Scandella is hit by Andrew Kozek and loses puck.
4:32 of 1st overtime period - Minor Penalty to Andrew Kozek for Roughing.
4:33 of 1st overtime period - Zack Hamill wins face-off versus Brad Winchester in Atomiques zone.
4:38 of 1st overtime period - Wrist shot by Alex Chiasson.
4:38 of 1st overtime period - Shot Misses the Net.
4:44 of 1st overtime period - Snap shot by Zack Hamill.
4:44 of 1st overtime period - Goal by Zack Hamill - Knights : 5 - Atomiques : 4.
Goals for this period are 1 for Knights vs 0 for Atomiques.
Shots for this period are 1 for Knights vs 4 for Atomiques.
Output by the SimonT Hockey Simulator (STHS) for François Prévost -- Original Page W3C XHTML 1.0 Valid